Jets vs Flyers
(R1)
Created - April 8, 2020 at 19:43
Goals
|
| Jets |
1 |
1 |
2 |
0 |
1 |
5 |
| Flyers |
1 |
3 |
0 |
0 |
0 |
4 |
|
Shots
|
| Jets |
8 |
21 |
5 |
2 |
3 |
36 |
| Flyers |
6 |
14 |
8 |
1 |
3 |
29 |
|
1st period
1. Flyers , Tomas Kubalik 7 (Brian Lashoff 15, Brock Nelson 11) at 4:28
2. Jets , Derek Stepan 27 (Nino Niederreiter 24, Marco Scandella 22) at 16:04 (PP)
Penalties :
Kevin Hayes (Win) for High sticking (Double Minor) at 8:52, Nathan Beaulieu (Phi) for High sticking (Minor) at 15:51
2nd period
3. Jets , Bobby Ryan 15 (Adam Henrique 47, Derek Stepan 67) at 7:49
4. Flyers , Brock Nelson 13 (Jordan Nolan 27, Tomas Kubalik 12) at 8:17
5. Flyers , Jeff Carter 26 (Drew Miller 38, Jonathan Ericsson 29) at 10:38 (PP)
6. Flyers , Oliver Ekman-Larsson 7 (Jeff Carter 49, Jakub Voracek 34) at 14:30 (PP)
Penalties :
Bobby Ryan (Win) for Hooking (Minor) at 10:30, Eric Gelinas (Win) for Hooking (Minor) at 14:12, Matt Smaby (Phi) for Hooking (Minor) at 15:25, Jordan Nolan (Phi) for Tripping (Minor) at 19:56
3rd period
7. Jets , Ryan Johansen 23 (Bobby Ryan 9, Marco Scandella 23) at 0:35 (PP)
8. Jets , Nino Niederreiter 24 (Eric Gelinas 18, Ryan Johansen 37) at 3:02 (SH)
Penalties :
Marcus Johansson (Win) for Hooking (Minor) at 2:15, Jacob Trouba (Win) for Tripping (Minor) at 6:03, Nino Niederreiter (Win) for Cross-checking (Minor) at 8:07, Matthew Lombardi (Phi) for Hooking (Minor) at 11:03, Ryan Johansen (Win) for Hooking (Minor) at 14:12, Jeff Carter (Phi) for Tripping (Minor) at 18:37
Overtime #1
No Goal
Penalties :
Jeff Woywitka (Phi) for Kneeing (Major) at 4:33
Shootout
Jets, Ryan Johansen - Stopped by Steve Mason
Flyers, Jeff Carter - Shot Misses the Net
Jets, Erik Haula - Goal!
Flyers, Jordan Nolan - Stopped by Kari Lehtonen
Jets, Adam Henrique - Stopped by Steve Mason
Flyers, J.T. Miller - Stopped by Kari Lehtonen
Penalties :
No Penalty
Goalie Stats
Jonathan Bernier (Win), 15 saves from 19 shots - (0.789), 34:30 minutes
Kari Lehtonen (Win), 10 saves from 10 shots - (1.000), W, 13-11-3, 30:30 minutes
Steve Mason (Phi), 32 saves from 36 shots - (0.889), OTL, 32-18-5, 65:00 minutes
Players Stats for Jets
Player Name G A P +/- PIM S H SB GA TA FO MP PP MP PK MP
------------------------------------------------------------------------------------
Adam Henrique 0 1 1 -1 0 6 0 1 0 0 0/0 18:48 3:25 0:00
Bobby Ryan 1 1 2 -1 2 4 3 1 0 0 0/0 21:47 2:54 5:50
Derek Roy 0 0 0 0 0 1 1 0 1 1 4/4 9:54 0:00 0:04
Derek Stepan 1 1 2 -1 0 4 1 0 2 1 15/29 19:02 3:36 0:00
Dwight King 0 0 0 0 0 1 0 0 0 0 0/0 7:00 0:00 0:27
Eric Gelinas 0 1 1 1 2 1 3 2 0 1 0/0 23:26 2:16 5:23
Erik Haula 0 0 0 0 0 1 0 1 1 0 5/10 16:03 0:04 6:28
Jacob Trouba 0 0 0 0 2 0 1 0 0 1 0/0 14:35 0:00 4:11
Jared Spurgeon 0 0 0 -1 0 0 0 2 0 1 0/0 10:23 0:00 0:29
Kevin Hayes 0 0 0 0 4 0 2 0 0 0 0/0 8:08 0:00 0:00
Marco Scandella 0 2 2 0 0 3 1 1 0 0 0/0 31:11 3:56 6:52
Marcus Johansson 0 0 0 0 2 2 1 0 0 0 1/3 19:47 2:53 2:57
Nino Niederreiter 1 1 2 1 2 4 2 1 2 2 3/4 19:21 2:34 2:55
Oscar Klefbom 0 0 0 0 0 0 0 0 0 1 0/0 19:43 2:16 1:18
Ryan Johansen 1 1 2 1 2 6 2 0 1 0 9/26 22:12 2:16 3:57
Ryan Strome 0 0 0 0 0 0 0 0 0 0 0/0 6:37 0:44 0:00
Sam Gagner 0 0 0 0 0 0 1 0 0 0 1/3 8:54 0:10 2:04
Tyler Myers 0 0 0 0 0 3 3 1 1 1 0/0 30:41 3:56 6:29
Players Stats for Flyers
Player Name G A P +/- PIM S H SB GA TA FO MP PP MP PK MP
------------------------------------------------------------------------------------
Brian Lashoff 0 1 1 1 0 1 1 0 1 1 0/0 15:08 0:56 4:58
Brock Nelson 1 1 2 1 0 2 0 0 0 0 0/0 13:53 0:00 0:11
Chris Mcallister 0 0 0 0 0 0 5 0 0 0 0/0 12:06 0:47 3:43
Drew Miller 0 1 1 0 0 3 4 0 1 1 0/0 19:23 6:22 0:24
J.T. Miller 0 0 0 -1 0 2 1 0 0 0 0/0 19:31 5:12 1:54
Jakub Voracek 0 1 1 0 0 4 0 0 0 1 2/2 17:38 6:08 0:00
Jeff Carter 1 1 2 0 2 2 1 0 0 1 14/21 19:31 6:11 0:14
Jeff Woywitka 0 0 0 0 5 0 2 2 1 1 0/0 24:00 6:28 3:52
Jonathan Ericsson 0 1 1 0 0 0 2 1 0 0 0/0 26:00 6:28 0:00
Jordan Nolan 0 1 1 1 2 0 1 0 1 1 7/18 17:16 0:56 1:59
Marcus Kruger 0 0 0 -1 0 3 2 1 0 0 12/26 17:46 5:14 1:22
Mats Zuccarello 0 0 0 -1 0 4 0 0 0 0 0/0 15:23 5:14 0:00
Matt Smaby 0 0 0 0 2 1 2 2 1 0 0/0 19:39 0:19 1:24
Matthew Lombardi 0 0 0 0 2 0 1 0 0 0 6/11 9:47 0:00 3:40
Nathan Beaulieu 0 0 0 0 2 1 1 2 0 0 0/0 21:37 5:11 1:59
Oliver Ekman-Larsson 1 0 1 -1 0 3 2 1 3 2 0/0 23:42 5:20 2:17
Ryan Callahan 0 0 0 0 0 0 1 0 0 0 0/1 7:15 0:59 0:00
Tomas Kubalik 1 1 2 1 0 3 2 0 1 0 0/0 13:04 0:00 0:00
3 Stars
1 - Tomas Kubalik (Phi)
2 - Nino Niederreiter (Win)
3 - Ryan Johansen (Win)
Power Play
Jets - 2 on 6 Attempt(s) - 33.33%
Flyers - 2 on 8 Attempt(s) - 25.00%
Penalty Kill
Jets - 6 on 8 Attempt(s) - 75.00%
- Score 1 goal in Penalty Kill
Flyers - 4 on 6 Attempt(s) - 66.67%
- Score 0 goal in Penalty Kill
Team Stat
Jets - Hits : 21 - Faceoff Wins : 38 - Blocked Shots : 10 - Penalty Minutes : 16
Flyers - Hits : 28 - Faceoff Wins : 41 - Blocked Shots : 9 - Penalty Minutes : 15
Official
Referees : Unknown
Linesman : Unknown
Game Notes
Kari Lehtonen enters game at 14:30 of 2nd period
Finance
Level 1 -- Attendance: 5577 (92.95%) -- Ticket Income $585,585
Level 2 -- Attendance: 4197 (83.94%) -- Ticket Income $293,790
Level 3 -- Attendance: 1474 (73.70%) -- Ticket Income $66,330
Level 4 -- Attendance: 2984 (74.60%) -- Ticket Income $89,520
Luxury Box -- Attendance: 956 (95.60%) -- Ticket Income $172,080
Game was played at the Wells Fargo Center.
Total Attendance: 15188 (84.38%)
Total Ticket Income: $1,207,305
Other Income: $181,096
Total Income: $1,388,401
Jets
5 vs 5 Forward
Center Left Wing Right Wing Time % Phy DF OF
1 Derek Stepan Adam Henrique Bobby Ryan 36 1 1 3
2 Ryan Johansen Marcus Johansson Nino Niederreiter 35 1 1 3
3 Derek Roy Erik Haula Kevin Hayes 19 1 2 2
4 Sam Gagner Dwight King Ryan Strome 10 1 2 2
5 vs 5 Defense
Defense Defense Time % Phy DF OF
1 Marco Scandella Tyler Myers 40 2 2 1
2 Eric Gelinas Oscar Klefbom 30 1 2 2
3 Jared Spurgeon Jacob Trouba 20 1 2 2
4 Marco Scandella Tyler Myers 10 1 2 2
PowerPlay Forward
Center Left Wing Right Wing Time % Phy DF OF
1 Derek Stepan Adam Henrique Nino Niederreiter 60 1 0 4
2 Ryan Johansen Marcus Johansson Bobby Ryan 40 0 0 5
PowerPlay Defense
Defense Defense Time % Phy DF OF
1 Marco Scandella Tyler Myers 60 0 1 4
2 Eric Gelinas Oscar Klefbom 40 1 2 2
Penalty Kill 4 Players Forward
Center Wing Time % Phy DF OF
1 Erik Haula Bobby Ryan 60 1 3 1
2 Ryan Johansen Nino Niederreiter 40 2 3 0
Penalty Kill 4 Players Defense
Defense Defense Time % Phy DF OF
1 Marco Scandella Tyler Myers 60 1 4 0
2 Jacob Trouba Eric Gelinas 40 1 4 0
Penalty Kill - 3 Players Forward
Forward Time % Phy DF OF
1 Erik Haula 60 0 4 1
2 Nino Niederreiter 40 0 4 1
Penalty Kill - 3 Players Defense
Defense Defense Time % Phy DF OF
1 Marco Scandella Tyler Myers 60 0 4 1
2 Eric Gelinas Jacob Trouba 40 0 4 1
4 vs 4 Forward
Center Wing Time % Phy DF OF
1 Derek Stepan Adam Henrique 60 1 2 2
2 Ryan Johansen Marcus Johansson 40 1 2 2
4 vs 4 Defense
Defense Defense Time % Phy DF OF
1 Marco Scandella Eric Gelinas 60 1 2 2
2 Tyler Myers Oscar Klefbom 40 1 2 2
Last Minutes Offensive
Center Left Wing Right Wing Defense Defense
Derek Stepan Adam Henrique Nino Niederreiter Oscar Klefbom Marco Scandella
Last Minutes Defensive
Center Left Wing Right Wing Defense Defense
Ryan Johansen Erik Haula Nino Niederreiter Marco Scandella Tyler Myers
Goaltenders
Starting : Jonathan Bernier
Backup : Kari Lehtonen
Extra Forwards
Normal : Ryan Johansen, Erik Haula, Marcus Johansson - PP : Derek Stepan, Adam Henrique - PK : Bobby Ryan
Extra Defensemen
Normal : Tyler Myers, Marco Scandella, Eric Gelinas - PP : Tyler Myers - PK : Marco Scandella, Eric Gelinas
Penalty Shots
Ryan Johansen, Erik Haula, Adam Henrique, Sam Gagner, Marcus Johansson
Scratches
None
Flyers
5 vs 5 Forward
Center Left Wing Right Wing Time % Phy DF OF
1 Jeff Carter Drew Miller Jakub Voracek 30 0 1 4
2 Marcus Kruger J.T. Miller Mats Zuccarello 30 0 1 4
3 Jordan Nolan Brock Nelson Tomas Kubalik 30 0 2 3
4 Matthew Lombardi Chris Mcallister Ryan Callahan 10 1 3 1
5 vs 5 Defense
Defense Defense Time % Phy DF OF
1 Matt Smaby Jonathan Ericsson 40 1 2 2
2 Nathan Beaulieu Oliver Ekman-Larsson 30 1 2 2
3 Brian Lashoff Jeff Woywitka 20 1 2 2
4 Oliver Ekman-Larsson Jeff Woywitka 10 1 2 2
PowerPlay Forward
Center Left Wing Right Wing Time % Phy DF OF
1 Jeff Carter Drew Miller Jakub Voracek 60 0 0 5
2 Marcus Kruger J.T. Miller Mats Zuccarello 40 0 0 5
PowerPlay Defense
Defense Defense Time % Phy DF OF
1 Jonathan Ericsson Jeff Woywitka 60 0 2 3
2 Oliver Ekman-Larsson Nathan Beaulieu 40 0 2 3
Penalty Kill 4 Players Forward
Center Wing Time % Phy DF OF
1 Matthew Lombardi Chris Mcallister 60 0 4 1
2 Jordan Nolan Drew Miller 40 0 4 1
Penalty Kill 4 Players Defense
Defense Defense Time % Phy DF OF
1 Brian Lashoff Jeff Woywitka 60 1 4 0
2 Matt Smaby Oliver Ekman-Larsson 40 1 4 0
Penalty Kill - 3 Players Forward
Forward Time % Phy DF OF
1 Matthew Lombardi 60 0 4 1
2 Jordan Nolan 40 0 4 1
Penalty Kill - 3 Players Defense
Defense Defense Time % Phy DF OF
1 Brian Lashoff Jeff Woywitka 60 1 4 0
2 Matt Smaby Oliver Ekman-Larsson 40 1 4 0
4 vs 4 Forward
Center Wing Time % Phy DF OF
1 Jeff Carter J.T. Miller 60 0 2 3
2 Marcus Kruger Drew Miller 40 0 2 3
4 vs 4 Defense
Defense Defense Time % Phy DF OF
1 Jonathan Ericsson Matt Smaby 60 0 3 2
2 Nathan Beaulieu Oliver Ekman-Larsson 40 0 3 2
Last Minutes Offensive
Center Left Wing Right Wing Defense Defense
Jeff Carter Drew Miller Jakub Voracek Oliver Ekman-Larsson Jeff Woywitka
Last Minutes Defensive
Center Left Wing Right Wing Defense Defense
Matthew Lombardi Chris Mcallister Ryan Callahan Oliver Ekman-Larsson Jeff Woywitka
Goaltenders
Starting : Steve Mason
Backup : Cam Ward
Extra Forwards
Normal : Jeff Carter, Chris Mcallister, Drew Miller - PP : Jeff Carter, Drew Miller - PK : Chris Mcallister
Extra Defensemen
Normal : Brian Lashoff, Nathan Beaulieu, Matt Smaby - PP : Brian Lashoff - PK : Nathan Beaulieu, Matt Smaby
Penalty Shots
Jeff Carter, Jordan Nolan, J.T. Miller, Jakub Voracek, Ryan Callahan
Scratches
None
% Time on Ice - Jets
Lines # - Real PCT - Wanted PCT - Time Play
Normal Forward
1 - 33% - 36% - 13:42
2 - 33% - 35% - 13:51
3 - 19% - 19% - 8:03
4 - 14% - 10% - 5:51
Normal Defense
1 - 39% - 40% - 16:03
2 - 32% - 30% - 13:14
3 - 24% - 20% - 10:01
4 - 5% - 10% - 2:09
PP Forward
1 - 52% - 60% - 3:15
2 - 48% - 40% - 2:57
PP Defense
1 - 63% - 60% - 3:56
2 - 37% - 40% - 2:16
PK Forward
1 - 71% - 60% - 8:47
2 - 29% - 40% - 3:34
PK Defense
1 - 56% - 60% - 6:58
2 - 44% - 40% - 5:23
PK3 Forward
1 - 0% - 60%
2 - 0% - 40%
PK3 Defense
1 - 0% - 60%
2 - 0% - 40%
44 Forward
1 - 98% - 60% - 4:54
2 - 2% - 40% - 0:06
44 Defense
1 - 64% - 60% - 3:13
2 - 36% - 40% - 1:47
Last Minute Offensive - 0:00
Last Minute Defensive - 0:00
Total
Forward - 65:00
Defense - 65:00
|
% Time on Ice - Flyers
Lines # - Real PCT - Wanted PCT - Time Play
Normal Forward
1 - 30% - 30% - 12:21
2 - 24% - 30% - 10:09
3 - 32% - 30% - 13:04
4 - 14% - 10% - 5:53
Normal Defense
1 - 45% - 40% - 18:40
2 - 31% - 30% - 12:45
3 - 19% - 20% - 7:52
4 - 5% - 10% - 2:10
PP Forward
1 - 57% - 60% - 7:04
2 - 43% - 40% - 5:17
PP Defense
1 - 57% - 60% - 7:03
2 - 43% - 40% - 5:18
PK Forward
1 - 94% - 60% - 5:48
2 - 6% - 40% - 0:24
PK Defense
1 - 63% - 60% - 3:55
2 - 37% - 40% - 2:17
PK3 Forward
1 - 100% - 60% - 1:03
2 - 0% - 40% - 0:00
PK3 Defense
1 - 100% - 60% - 1:03
2 - 0% - 40% - 0:00
44 Forward
1 - 86% - 60% - 3:23
2 - 14% - 40% - 0:34
44 Defense
1 - 70% - 60% - 2:47
2 - 30% - 40% - 1:10
Last Minute Offensive - 0:00
Last Minute Defensive - 0:00
Total
Forward - 65:00
Defense - 65:00
|
Play-by-Play
1st period
0:01 of 1st period - Jeff Carter wins face-off versus Derek Stepan in neutral zone.
0:34 of 1st period - Snap shot by Tomas Kubalik.
0:34 of 1st period - Shot Misses the Net.
1:33 of 1st period - Snap shot by Adam Henrique.
1:33 of 1st period - Stopped by Steve Mason without a rebound.
1:34 of 1st period - Marcus Kruger wins face-off versus Ryan Johansen in Flyers zone.
1:41 of 1st period - Snap shot by Mats Zuccarello.
1:41 of 1st period - Stopped by Jonathan Bernier without a rebound.
1:42 of 1st period - Marcus Kruger wins face-off versus Ryan Johansen in Jets zone.
1:53 of 1st period - Snap shot by Marcus Kruger.
1:53 of 1st period - Shot Blocked by Eric Gelinas.
1:55 of 1st period - Slapshot by Brian Lashoff.
1:55 of 1st period - Stopped by Jonathan Bernier without a rebound.
1:56 of 1st period - Derek Roy wins face-off versus Jordan Nolan in Jets zone.
2:48 of 1st period - Snap shot by Sam Gagner.
2:48 of 1st period - Shot Misses the Net.
2:50 of 1st period - Slapshot by Tyler Myers.
2:50 of 1st period - Stopped by Steve Mason with a rebound.
3:01 of 1st period - Off-side.
3:02 of 1st period - Derek Roy wins face-off versus Ryan Callahan in neutral zone.
3:11 of 1st period - Wrist shot by Kevin Hayes.
3:11 of 1st period - Shot Misses the Net.
4:22 of 1st period - Wrist shot by Tomas Kubalik.
4:22 of 1st period - Shot Misses the Net.
4:24 of 1st period - Snap shot by Brock Nelson.
4:24 of 1st period - Shot Misses the Net.
4:26 of 1st period - Slapshot by Brian Lashoff.
4:26 of 1st period - Shot Blocked by Adam Henrique.
4:28 of 1st period - Backhand shot by Tomas Kubalik.
4:28 of 1st period - Goal by Tomas Kubalik - Jets : 0 - Flyers : 1.
4:29 of 1st period - Jeff Carter wins face-off versus Ryan Johansen in neutral zone.
4:34 of 1st period - Wrist shot by Ryan Johansen.
4:34 of 1st period - Shot Misses the Net.
5:39 of 1st period - Slapshot by Adam Henrique.
5:39 of 1st period - Stopped by Steve Mason with a rebound.
5:55 of 1st period - Jeff Woywitka is hit by Tyler Myers and loses puck.
6:04 of 1st period - Wrist shot by Derek Roy.
6:04 of 1st period - Stopped by Steve Mason with a rebound.
7:57 of 1st period - Wrist shot by Jakub Voracek.
7:57 of 1st period - Stopped by Jonathan Bernier without a rebound.
7:58 of 1st period - Jeff Carter wins face-off versus Derek Stepan in Jets zone.
8:07 of 1st period - Wrist shot by Jakub Voracek.
8:07 of 1st period - Deflect By Jeff Carter.
8:07 of 1st period - Shot Misses the Net.
8:07 of 1st period - Puck is out of play.
8:08 of 1st period - Marcus Kruger wins face-off versus Ryan Johansen in Jets zone.
8:35 of 1st period - Marco Scandella is hit by Matt Smaby and loses puck.
8:52 of 1st period - Double Minor Penalty to Kevin Hayes for High sticking.
8:53 of 1st period - Erik Haula wins face-off versus Jeff Carter in Jets zone.
10:11 of 1st period - Snap shot by Nino Niederreiter.
10:11 of 1st period - Shot Blocked by Oliver Ekman-Larsson.
11:08 of 1st period - Eric Gelinas is hit by Chris Mcallister and loses puck.
12:35 of 1st period - Icing by Jonathan Ericsson.
12:36 of 1st period - Jordan Nolan wins face-off versus Sam Gagner in Flyers zone.
12:52 of 1st period - Penalty to Kevin Hayes is over, Kevin Hayes is back on ice.
13:42 of 1st period - Ryan Callahan is hit by Nino Niederreiter.
13:43 of 1st period - Icing by Ryan Callahan.
13:44 of 1st period - Matthew Lombardi wins face-off versus Sam Gagner in Flyers zone.
13:55 of 1st period - Slapshot by Jeff Woywitka.
13:55 of 1st period - Deflect By Ryan Callahan.
13:55 of 1st period - Shot Misses the Net.
13:55 of 1st period - Puck is out of play.
13:56 of 1st period - Ryan Johansen wins face-off versus Marcus Kruger in Jets zone.
14:34 of 1st period - Snap shot by Bobby Ryan.
14:34 of 1st period - Shot Blocked by Jonathan Ericsson.
14:36 of 1st period - Wrist shot by Bobby Ryan.
14:36 of 1st period - Shot Misses the Net.
14:47 of 1st period - Jonathan Ericsson is hit by Eric Gelinas and loses puck.
15:30 of 1st period - Wrist shot by Jonathan Ericsson.
15:30 of 1st period - Deflect By Mats Zuccarello.
15:30 of 1st period - Shot Misses the Net.
15:30 of 1st period - Puck is out of play.
15:31 of 1st period - Marcus Kruger wins face-off versus Ryan Johansen in Jets zone.
15:40 of 1st period - Wrist shot by J.T. Miller.
15:40 of 1st period - Deflect By Marcus Kruger.
15:40 of 1st period - Shot Misses the Net.
15:40 of 1st period - Puck is out of play.
15:41 of 1st period - Ryan Johansen wins face-off versus Marcus Kruger in Jets zone.
15:48 of 1st period - Snap shot by Nino Niederreiter.
15:48 of 1st period - Stopped by Steve Mason without a rebound.
15:49 of 1st period - Marcus Kruger wins face-off versus Ryan Johansen in Flyers zone.
15:51 of 1st period - Minor Penalty to Nathan Beaulieu for High sticking.
15:52 of 1st period - Matthew Lombardi wins face-off versus Derek Stepan in Flyers zone.
16:04 of 1st period - Wrist shot by Derek Stepan.
16:04 of 1st period - Goal by Derek Stepan - Jets : 1 - Flyers : 1.
16:05 of 1st period - Jeff Carter wins face-off versus Ryan Johansen in neutral zone.
16:09 of 1st period - Off-side.
16:10 of 1st period - Jakub Voracek wins face-off versus Ryan Johansen in neutral zone.
16:26 of 1st period - Snap shot by Drew Miller.
16:26 of 1st period - Stopped by Jonathan Bernier without a rebound.
16:27 of 1st period - Derek Stepan wins face-off versus Marcus Kruger in Jets zone.
16:42 of 1st period - Slapshot by Marcus Kruger.
16:42 of 1st period - Shot Misses the Net.
16:44 of 1st period - Wrist shot by Marcus Kruger.
16:44 of 1st period - Shot Blocked by Marco Scandella.
16:56 of 1st period - Slapshot by Tyler Myers.
16:56 of 1st period - Shot Blocked by Nathan Beaulieu.
17:02 of 1st period - Nino Niederreiter is hit by Tomas Kubalik and loses puck.
17:17 of 1st period - Slapshot by Marco Scandella.
17:17 of 1st period - Deflect By Drew Miller.
17:17 of 1st period - Stopped by Steve Mason with a rebound.
18:02 of 1st period - Jonathan Ericsson is hit by Tyler Myers and loses puck.
18:17 of 1st period - Snap shot by Derek Roy.
18:17 of 1st period - Shot Misses the Net.
18:44 of 1st period - Slapshot by Jakub Voracek.
18:44 of 1st period - Stopped by Jonathan Bernier without a rebound.
18:45 of 1st period - Marcus Kruger wins face-off versus Derek Stepan in Jets zone.
18:58 of 1st period - Snap shot by Marcus Kruger.
18:58 of 1st period - Shot Blocked by Bobby Ryan.
19:12 of 1st period - Mats Zuccarello is hit by Sam Gagner and loses puck.
19:19 of 1st period - Slapshot by Dwight King.
19:19 of 1st period - Stopped by Steve Mason without a rebound.
19:20 of 1st period - Jordan Nolan wins face-off versus Ryan Johansen in Flyers zone.
Goals for this period are 1 for Jets vs 1 for Flyers.
Shots for this period are 8 for Jets vs 6 for Flyers.
2nd period
0:01 of 2nd period - Jordan Nolan wins face-off versus Ryan Johansen in neutral zone.
0:26 of 2nd period - Bobby Ryan is hit by Marcus Kruger and loses puck.
0:55 of 2nd period - Oscar Klefbom is hit by Drew Miller and loses puck.
1:36 of 2nd period - Slapshot by Eric Gelinas.
1:36 of 2nd period - Deflect By Marcus Kruger.
1:36 of 2nd period - Stopped by Steve Mason without a rebound.
1:37 of 2nd period - Derek Stepan wins face-off versus Jordan Nolan in Flyers zone.
1:52 of 2nd period - Snap shot by Nathan Beaulieu.
1:52 of 2nd period - Stopped by Jonathan Bernier without a rebound.
1:53 of 2nd period - Ryan Johansen wins face-off versus Marcus Kruger in Jets zone.
2:04 of 2nd period - Wrist shot by Marcus Johansson.
2:04 of 2nd period - Stopped by Steve Mason with a rebound.
2:06 of 2nd period - Slapshot by Marco Scandella.
2:06 of 2nd period - Deflect By Nino Niederreiter.
2:06 of 2nd period - Shot Blocked by Nathan Beaulieu.
2:06 of 2nd period - Puck is out of play.
2:07 of 2nd period - Jordan Nolan wins face-off versus Derek Stepan in Flyers zone.
2:35 of 2nd period - Marcus Kruger is hit by Ryan Johansen and loses puck.
3:05 of 2nd period - Slapshot by Oliver Ekman-Larsson.
3:05 of 2nd period - Deflect By Erik Haula.
3:05 of 2nd period - Stopped by Jonathan Bernier with a rebound.
3:07 of 2nd period - Wrist shot by Jeff Carter.
3:07 of 2nd period - Stopped by Jonathan Bernier with a rebound.
3:38 of 2nd period - Jacob Trouba is hit by Matthew Lombardi and loses puck.
3:45 of 2nd period - Derek Stepan is hit by Ryan Callahan and loses puck.
4:16 of 2nd period - Oscar Klefbom is hit by Drew Miller and loses puck.
4:36 of 2nd period - Icing by Brian Lashoff.
4:37 of 2nd period - Derek Roy wins face-off versus Jordan Nolan in Flyers zone.
4:40 of 2nd period - Slapshot by Erik Haula.
4:40 of 2nd period - Deflect By Kevin Hayes.
4:40 of 2nd period - Shot Blocked by Jeff Woywitka.
4:40 of 2nd period - Puck is out of play.
4:41 of 2nd period - Derek Roy wins face-off versus Jordan Nolan in Flyers zone.
4:44 of 2nd period - Wrist shot by Erik Haula.
4:44 of 2nd period - Stopped by Steve Mason with a rebound.
5:06 of 2nd period - Slapshot by Tyler Myers.
5:06 of 2nd period - Shot Blocked by Marcus Kruger.
5:08 of 2nd period - Wrist shot by Tyler Myers.
5:08 of 2nd period - Stopped by Steve Mason without a rebound.
5:09 of 2nd period - Derek Stepan wins face-off versus Marcus Kruger in Flyers zone.
5:10 of 2nd period - Wrist shot by Bobby Ryan.
5:10 of 2nd period - Stopped by Steve Mason with a rebound.
5:22 of 2nd period - Wrist shot by Marcus Kruger.
5:22 of 2nd period - Stopped by Jonathan Bernier with a rebound.
5:24 of 2nd period - Snap shot by J.T. Miller.
5:24 of 2nd period - Stopped by Jonathan Bernier without a rebound.
5:25 of 2nd period - Ryan Johansen wins face-off versus Jordan Nolan in Jets zone.
5:30 of 2nd period - Slapshot by Brock Nelson.
5:30 of 2nd period - Stopped by Jonathan Bernier without a rebound.
5:31 of 2nd period - Jordan Nolan wins face-off versus Ryan Johansen in Jets zone.
5:56 of 2nd period - Matt Smaby is hit by Tyler Myers and loses puck.
6:07 of 2nd period - Backhand shot by Adam Henrique.
6:07 of 2nd period - Shot Blocked by Matt Smaby.
6:47 of 2nd period - Snap shot by Jordan Nolan.
6:47 of 2nd period - Shot Blocked by Erik Haula.
7:27 of 2nd period - Snap shot by Adam Henrique.
7:27 of 2nd period - Stopped by Steve Mason with a rebound.
7:29 of 2nd period - Snap shot by Derek Stepan.
7:29 of 2nd period - Stopped by Steve Mason without a rebound.
7:30 of 2nd period - Ryan Johansen wins face-off versus Marcus Kruger in Flyers zone.
7:31 of 2nd period - Snap shot by Nino Niederreiter.
7:31 of 2nd period - Shot Hit the Post.
7:33 of 2nd period - Wrist shot by Ryan Johansen.
7:33 of 2nd period - Stopped by Steve Mason with a rebound.
7:39 of 2nd period - Snap shot by Marcus Johansson.
7:39 of 2nd period - Stopped by Steve Mason with a rebound.
7:41 of 2nd period - Slapshot by Marco Scandella.
7:41 of 2nd period - Stopped by Steve Mason without a rebound.
7:42 of 2nd period - Derek Stepan wins face-off versus Jordan Nolan in Flyers zone.
7:47 of 2nd period - Snap shot by Adam Henrique.
7:47 of 2nd period - Stopped by Steve Mason with a rebound.
7:49 of 2nd period - Wrist shot by Bobby Ryan.
7:49 of 2nd period - Goal by Bobby Ryan - Jets : 2 - Flyers : 1.
7:50 of 2nd period - Ryan Johansen wins face-off versus Marcus Kruger in neutral zone.
7:57 of 2nd period - Wrist shot by Ryan Johansen.
7:57 of 2nd period - Stopped by Steve Mason with a rebound.
7:59 of 2nd period - Wrist shot by Nino Niederreiter.
7:59 of 2nd period - Shot Blocked by Jeff Woywitka.
8:01 of 2nd period - Slapshot by Tyler Myers.
8:01 of 2nd period - Deflect By J.T. Miller.
8:01 of 2nd period - Stopped by Steve Mason without a rebound.
8:02 of 2nd period - Jordan Nolan wins face-off versus Derek Stepan in Flyers zone.
8:09 of 2nd period - Wrist shot by Jordan Nolan.
8:09 of 2nd period - Shot Misses the Net.
8:17 of 2nd period - Slapshot by Brock Nelson.
8:17 of 2nd period - Goal by Brock Nelson - Jets : 2 - Flyers : 2.
8:18 of 2nd period - Jeff Carter wins face-off versus Ryan Johansen in neutral zone.
8:23 of 2nd period - Wrist shot by Jakub Voracek.
8:23 of 2nd period - Deflect By Drew Miller.
8:23 of 2nd period - Stopped by Jonathan Bernier with a rebound.
8:25 of 2nd period - Slapshot by Jeff Carter.
8:25 of 2nd period - Deflect By Jakub Voracek.
8:25 of 2nd period - Shot Misses the Net.
8:25 of 2nd period - Puck is out of play.
8:26 of 2nd period - Jeff Carter wins face-off versus Ryan Johansen in Jets zone.
8:31 of 2nd period - Snap shot by Drew Miller.
8:31 of 2nd period - Stopped by Jonathan Bernier without a rebound.
8:32 of 2nd period - Derek Stepan wins face-off versus Marcus Kruger in Jets zone.
8:47 of 2nd period - Snap shot by Adam Henrique.
8:47 of 2nd period - Stopped by Steve Mason without a rebound.
8:48 of 2nd period - Ryan Johansen wins face-off versus Jordan Nolan in Flyers zone.
8:55 of 2nd period - Snap shot by Nino Niederreiter.
8:55 of 2nd period - Shot Misses the Net.
8:57 of 2nd period - Wrist shot by Nino Niederreiter.
8:57 of 2nd period - Stopped by Steve Mason without a rebound.
8:58 of 2nd period - Nino Niederreiter wins face-off versus Jordan Nolan in Flyers zone.
9:16 of 2nd period - Snap shot by Tomas Kubalik.
9:16 of 2nd period - Stopped by Jonathan Bernier with a rebound.
9:30 of 2nd period - Snap shot by Ryan Johansen.
9:30 of 2nd period - Stopped by Steve Mason without a rebound.
9:31 of 2nd period - Derek Stepan wins face-off versus Jeff Carter in Flyers zone.
10:03 of 2nd period - Snap shot by Marcus Kruger.
10:03 of 2nd period - Stopped by Jonathan Bernier without a rebound.
10:04 of 2nd period - Nino Niederreiter wins face-off versus Marcus Kruger in Jets zone.
10:30 of 2nd period - Minor Penalty to Bobby Ryan for Hooking.
10:31 of 2nd period - Erik Haula wins face-off versus Jeff Carter in Jets zone.
10:38 of 2nd period - Wrist shot by Jeff Carter.
10:38 of 2nd period - Goal by Jeff Carter - Jets : 2 - Flyers : 3.
10:39 of 2nd period - Jeff Carter wins face-off versus Derek Stepan in neutral zone.
10:48 of 2nd period - Slapshot by Oliver Ekman-Larsson.
10:48 of 2nd period - Deflect By Jeff Carter.
10:48 of 2nd period - Shot Misses the Net.
10:48 of 2nd period - Puck is out of play.
10:49 of 2nd period - Jeff Carter wins face-off versus Derek Stepan in Jets zone.
11:06 of 2nd period - Wrist shot by Derek Stepan.
11:06 of 2nd period - Deflect By Adam Henrique.
11:06 of 2nd period - Shot Misses the Net.
11:06 of 2nd period - Puck is out of play.
11:07 of 2nd period - Marcus Kruger wins face-off versus Marcus Johansson in Flyers zone.
11:46 of 2nd period - Backhand shot by Bobby Ryan.
11:46 of 2nd period - Stopped by Steve Mason with a rebound.
13:00 of 2nd period - Snap shot by Adam Henrique.
13:00 of 2nd period - Stopped by Steve Mason without a rebound.
13:01 of 2nd period - Derek Stepan wins face-off versus Jordan Nolan in Flyers zone.
13:02 of 2nd period - Snap shot by Bobby Ryan.
13:02 of 2nd period - Stopped by Steve Mason without a rebound.
13:03 of 2nd period - Jordan Nolan wins face-off versus Derek Stepan in Flyers zone.
13:31 of 2nd period - Derek Stepan is hit by Brian Lashoff.
14:12 of 2nd period - Minor Penalty to Eric Gelinas for Hooking.
14:13 of 2nd period - Jeff Carter wins face-off versus Erik Haula in Jets zone.
14:16 of 2nd period - Snap shot by Drew Miller.
14:16 of 2nd period - Shot Blocked by Tyler Myers.
14:28 of 2nd period - Snap shot by Jeff Carter.
14:28 of 2nd period - Shot Misses the Net.
14:30 of 2nd period - Snap shot by Oliver Ekman-Larsson.
14:30 of 2nd period - Goal by Oliver Ekman-Larsson - Jets : 2 - Flyers : 4.
14:30 of 2nd period - Kari Lehtonen enters game.
14:31 of 2nd period - Jeff Carter wins face-off versus Ryan Johansen in neutral zone.
14:42 of 2nd period - Wrist shot by Marco Scandella.
14:42 of 2nd period - Shot Blocked by Matt Smaby.
14:44 of 2nd period - Snap shot by Marco Scandella.
14:44 of 2nd period - Shot Misses the Net.
14:46 of 2nd period - Slapshot by Marco Scandella.
14:46 of 2nd period - Stopped by Steve Mason without a rebound.
14:47 of 2nd period - Derek Stepan wins face-off versus Marcus Kruger in Flyers zone.
14:48 of 2nd period - Slapshot by Adam Henrique.
14:48 of 2nd period - Shot Misses the Net.
15:02 of 2nd period - Wrist shot by Mats Zuccarello.
15:02 of 2nd period - Stopped by Kari Lehtonen without a rebound.
15:03 of 2nd period - Marcus Johansson wins face-off versus Jeff Carter in Jets zone.
15:03 of 2nd period - Marcus Johansson is hit by Jonathan Ericsson.
15:25 of 2nd period - Minor Penalty to Matt Smaby for Hooking.
15:26 of 2nd period - Derek Stepan wins face-off versus Matthew Lombardi in Flyers zone.
16:56 of 2nd period - Jordan Nolan is hit by Ryan Johansen and loses puck.
17:25 of 2nd period - Penalty to Matt Smaby is over, Matt Smaby is back on ice.
18:06 of 2nd period - Jacob Trouba is hit by Drew Miller and loses puck.
18:34 of 2nd period - Nino Niederreiter is hit by Chris Mcallister and loses puck.
18:49 of 2nd period - Drew Miller is hit by Eric Gelinas and loses puck.
19:00 of 2nd period - Sam Gagner is hit by Tomas Kubalik and loses puck.
19:13 of 2nd period - Chris Mcallister is hit by Kevin Hayes and loses puck.
19:20 of 2nd period - Snap shot by Erik Haula.
19:20 of 2nd period - Deflect By Matthew Lombardi.
19:20 of 2nd period - Shot Misses the Net.
19:20 of 2nd period - Puck is out of play.
19:21 of 2nd period - Jeff Carter wins face-off versus Derek Stepan in Flyers zone.
19:21 of 2nd period - Jeff Carter is hit by Bobby Ryan.
19:27 of 2nd period - Oscar Klefbom is hit by Jeff Carter and loses puck.
19:34 of 2nd period - Drew Miller is hit by Marco Scandella and loses puck.
19:56 of 2nd period - Minor Penalty to Jordan Nolan for Tripping.
19:57 of 2nd period - Matthew Lombardi wins face-off versus Derek Stepan in Flyers zone.
Goals for this period are 1 for Jets vs 3 for Flyers.
Shots for this period are 21 for Jets vs 14 for Flyers.
3rd period
0:01 of 3rd period - Matthew Lombardi wins face-off versus Derek Stepan in neutral zone.
0:26 of 3rd period - Chris Mcallister is hit by Marcus Johansson and loses puck.
0:35 of 3rd period - Backhand shot by Ryan Johansen.
0:35 of 3rd period - Goal by Ryan Johansen - Jets : 3 - Flyers : 4.
0:36 of 3rd period - Marcus Kruger wins face-off versus Ryan Johansen in neutral zone.
0:43 of 3rd period - Wrist shot by J.T. Miller.
0:43 of 3rd period - Stopped by Kari Lehtonen without a rebound.
0:44 of 3rd period - Marcus Kruger wins face-off versus Marcus Johansson in Jets zone.
1:07 of 3rd period - Slapshot by Mats Zuccarello.
1:07 of 3rd period - Stopped by Kari Lehtonen without a rebound.
1:08 of 3rd period - Derek Stepan wins face-off versus Jordan Nolan in Jets zone.
1:34 of 3rd period - Drew Miller is hit by Eric Gelinas.
2:02 of 3rd period - Off-side.
2:03 of 3rd period - Marcus Kruger wins face-off versus Ryan Johansen in neutral zone.
2:06 of 3rd period - Marcus Johansson is hit by Oliver Ekman-Larsson and loses puck.
2:11 of 3rd period - Slapshot by Mats Zuccarello.
2:11 of 3rd period - Stopped by Kari Lehtonen without a rebound.
2:12 of 3rd period - Marcus Kruger wins face-off versus Ryan Johansen in Jets zone.
2:13 of 3rd period - Snap shot by Mats Zuccarello.
2:13 of 3rd period - Shot Misses the Net.
2:15 of 3rd period - Minor Penalty to Marcus Johansson for Hooking.
2:16 of 3rd period - Erik Haula wins face-off versus Jeff Carter in Jets zone.
2:16 of 3rd period - Erik Haula is hit by Jeff Woywitka.
2:45 of 3rd period - Off-side.
2:46 of 3rd period - Ryan Johansen wins face-off versus Marcus Kruger in neutral zone.
3:00 of 3rd period - Wrist shot by Ryan Johansen.
3:00 of 3rd period - Stopped by Steve Mason with a rebound.
3:02 of 3rd period - Slapshot by Eric Gelinas.
3:02 of 3rd period - Deflect By Nino Niederreiter.
3:02 of 3rd period - Goal by Nino Niederreiter - Jets : 4 - Flyers : 4.
3:03 of 3rd period - Jeff Carter wins face-off versus Erik Haula in neutral zone.
3:40 of 3rd period - Marco Scandella is hit by Oliver Ekman-Larsson and loses puck.
4:15 of 3rd period - Penalty to Marcus Johansson is over, Marcus Johansson is back on ice.
4:28 of 3rd period - Ryan Johansen is hit by Jeff Woywitka.
4:38 of 3rd period - Snap shot by Marcus Johansson.
4:38 of 3rd period - Shot Misses the Net.
4:48 of 3rd period - Wrist shot by Ryan Johansen.
4:48 of 3rd period - Deflect By Jonathan Ericsson.
4:48 of 3rd period - Stopped by Steve Mason without a rebound.
4:49 of 3rd period - Derek Stepan wins face-off versus Marcus Kruger in Flyers zone.
6:01 of 3rd period - Wrist shot by Chris Mcallister.
6:01 of 3rd period - Shot Blocked by Jared Spurgeon.
6:03 of 3rd period - Minor Penalty to Jacob Trouba for Tripping.
6:04 of 3rd period - Erik Haula wins face-off versus Jeff Carter in Jets zone.
6:40 of 3rd period - Wrist shot by J.T. Miller.
6:40 of 3rd period - Shot Misses the Net.
6:54 of 3rd period - Tyler Myers is hit by Drew Miller and loses puck.
7:33 of 3rd period - Icing by Jonathan Ericsson.
7:34 of 3rd period - Ryan Johansen wins face-off versus Marcus Kruger in Flyers zone.
7:55 of 3rd period - Slapshot by Oliver Ekman-Larsson.
7:55 of 3rd period - Stopped by Kari Lehtonen without a rebound.
7:56 of 3rd period - Jeff Carter wins face-off versus Erik Haula in Jets zone.
7:57 of 3rd period - Wrist shot by Jakub Voracek.
7:57 of 3rd period - Stopped by Kari Lehtonen without a rebound.
7:58 of 3rd period - Jeff Carter wins face-off versus Erik Haula in Jets zone.
8:03 of 3rd period - Penalty to Jacob Trouba is over, Jacob Trouba is back on ice.
8:03 of 3rd period - Wrist shot by Jakub Voracek.
8:03 of 3rd period - Stopped by Kari Lehtonen without a rebound.
8:04 of 3rd period - Nino Niederreiter wins face-off versus Marcus Kruger in Jets zone.
8:04 of 3rd period - Nino Niederreiter is hit by J.T. Miller.
8:07 of 3rd period - Minor Penalty to Nino Niederreiter for Cross-checking.
8:08 of 3rd period - Erik Haula wins face-off versus Jeff Carter in Jets zone.
10:07 of 3rd period - Penalty to Nino Niederreiter is over, Nino Niederreiter is back on ice.
10:14 of 3rd period - Oscar Klefbom is hit by Nathan Beaulieu.
10:23 of 3rd period - Ryan Callahan is hit by Jacob Trouba and loses puck.
10:36 of 3rd period - Tomas Kubalik is hit by Bobby Ryan and loses puck.
10:54 of 3rd period - Nino Niederreiter is hit by Jonathan Ericsson and loses puck.
11:03 of 3rd period - Minor Penalty to Matthew Lombardi for Hooking.
11:04 of 3rd period - Derek Stepan wins face-off versus Jordan Nolan in Flyers zone.
12:56 of 3rd period - Eric Gelinas is hit by Chris Mcallister and loses puck.
13:03 of 3rd period - Penalty to Matthew Lombardi is over, Matthew Lombardi is back on ice.
13:09 of 3rd period - Nathan Beaulieu is hit by Kevin Hayes and loses puck.
13:54 of 3rd period - Wrist shot by J.T. Miller.
13:54 of 3rd period - Deflect By Marcus Kruger.
13:54 of 3rd period - Shot Blocked by Jared Spurgeon.
13:54 of 3rd period - Puck is out of play.
13:55 of 3rd period - Marcus Kruger wins face-off versus Nino Niederreiter in Jets zone.
13:58 of 3rd period - Snap shot by Marcus Kruger.
13:58 of 3rd period - Stopped by Kari Lehtonen with a rebound.
14:04 of 3rd period - Snap shot by Marcus Kruger.
14:04 of 3rd period - Shot Blocked by Eric Gelinas.
14:06 of 3rd period - Slapshot by Jonathan Ericsson.
14:06 of 3rd period - Shot Blocked by Nino Niederreiter.
14:12 of 3rd period - Minor Penalty to Ryan Johansen for Hooking.
14:13 of 3rd period - Jakub Voracek wins face-off versus Erik Haula in Jets zone.
16:12 of 3rd period - Penalty to Ryan Johansen is over, Ryan Johansen is back on ice.
16:27 of 3rd period - Tomas Kubalik is hit by Derek Roy and loses puck.
16:40 of 3rd period - Jeff Woywitka is hit by Nino Niederreiter and loses puck.
16:51 of 3rd period - Jared Spurgeon is hit by Jordan Nolan and loses puck.
17:00 of 3rd period - Snap shot by Jordan Nolan.
17:00 of 3rd period - Shot Misses the Net.
17:08 of 3rd period - Snap shot by Tomas Kubalik.
17:08 of 3rd period - Stopped by Kari Lehtonen with a rebound.
17:58 of 3rd period - Slapshot by Nino Niederreiter.
17:58 of 3rd period - Stopped by Steve Mason without a rebound.
17:59 of 3rd period - Sam Gagner wins face-off versus Matthew Lombardi in Flyers zone.
18:24 of 3rd period - Drew Miller is hit by Bobby Ryan and loses puck.
18:37 of 3rd period - Minor Penalty to Jeff Carter for Tripping.
18:38 of 3rd period - Matthew Lombardi wins face-off versus Derek Stepan in Flyers zone.
Goals for this period are 2 for Jets vs 0 for Flyers.
Shots for this period are 5 for Jets vs 8 for Flyers.
Overtime #1
0:01 of 1st overtime period - Derek Stepan wins face-off versus Matthew Lombardi in neutral zone.
0:06 of 1st overtime period - Wrist shot by Derek Stepan.
0:06 of 1st overtime period - Stopped by Steve Mason without a rebound.
0:07 of 1st overtime period - Derek Stepan wins face-off versus Matthew Lombardi in Flyers zone.
0:10 of 1st overtime period - Snap shot by Adam Henrique.
0:10 of 1st overtime period - Shot Misses the Net.
0:26 of 1st overtime period - Wrist shot by Derek Stepan.
0:26 of 1st overtime period - Stopped by Steve Mason without a rebound.
0:27 of 1st overtime period - Derek Stepan wins face-off versus Matthew Lombardi in Flyers zone.
0:37 of 1st overtime period - Penalty to Jeff Carter is over, Jeff Carter is back on ice.
0:58 of 1st overtime period - Slapshot by Matt Smaby.
0:58 of 1st overtime period - Stopped by Kari Lehtonen with a rebound.
1:00 of 1st overtime period - Snap shot by Jeff Carter.
1:00 of 1st overtime period - Shot Misses the Net.
1:18 of 1st overtime period - Tyler Myers is hit by Matt Smaby and loses puck.
3:20 of 1st overtime period - Jacob Trouba is hit by Marcus Kruger and loses puck.
3:47 of 1st overtime period - Erik Haula is hit by Chris Mcallister and loses puck.
4:00 of 1st overtime period - Eric Gelinas is hit by Chris Mcallister and loses puck.
4:33 of 1st overtime period - Major Penalty to Jeff Woywitka for Kneeing.
4:34 of 1st overtime period - Matthew Lombardi wins face-off versus Derek Stepan in Flyers zone.
4:43 of 1st overtime period - Matthew Lombardi is hit by Derek Stepan and loses puck.
Goals for this period are 0 for Jets vs 0 for Flyers.
Shots for this period are 2 for Jets vs 1 for Flyers.
ShootOut
5:00 of 1st overtime period - Round #1.
5:00 of 1st overtime period - Jets, Ryan Johansen.
5:00 of 1st overtime period - Backhand shot by Ryan Johansen.
5:00 of 1st overtime period - Stopped by Steve Mason.
5:00 of 1st overtime period - Flyers, Jeff Carter.
5:00 of 1st overtime period - Snap shot by Jeff Carter.
5:00 of 1st overtime period - Shot Misses the Net.
5:00 of 1st overtime period - Round #2.
5:00 of 1st overtime period - Jets, Erik Haula.
5:00 of 1st overtime period - Wrist shot by Erik Haula.
5:00 of 1st overtime period - Goal by Erik Haula.
5:00 of 1st overtime period - Flyers, Jordan Nolan.
5:00 of 1st overtime period - Deke by Jordan Nolan.
5:00 of 1st overtime period - Stopped by Kari Lehtonen.
5:00 of 1st overtime period - Round #3.
5:00 of 1st overtime period - Jets, Adam Henrique.
5:00 of 1st overtime period - Snap shot by Adam Henrique.
5:00 of 1st overtime period - Stopped by Steve Mason.
5:00 of 1st overtime period - Flyers, J.T. Miller.
5:00 of 1st overtime period - Deke by J.T. Miller.
5:00 of 1st overtime period - Stopped by Kari Lehtonen.
Back to the Top